[ AOE2 MATCH · #477633395 ]
Team RMTeutons vs Persians
Player's team · LOSS
[ REPLAY ANALYSIS · EXTRACTED FROM THE RECORDED GAME ]
Feudal
17:44
Castle
28:22
Imperial
43:39
| APM avg | 24.2 |
| APM peak | 70 |
| eAPM avg | 19.1 |
| Villagers / military | 137 / 78 |
Focus
⚔️ 22.6% · 🌾 77.4%
Spearman ×22 · Scorpion ×9 · Knight ×9 · Archer ×8 · Teutonic Knight ×7 · Militia ×6
Feudal
18:47
Castle
31:14
Imperial
—
| APM avg | 9.6 |
| APM peak | 44 |
| eAPM avg | 6.8 |
| Villagers / military | 44 / 52 |
Focus
⚔️ 24.8% · 🌾 75.2%
Spearman ×30 · Militia ×19 · Fishing Ship ×5 · Demolition Raft ×3
Feudal
13:05
Castle
19:54
Imperial
41:06
| APM avg | 25.9 |
| APM peak | 45 |
| eAPM avg | 17.4 |
| Villagers / military | 77 / 64 |
Focus
⚔️ 21.3% · 🌾 78.7%
Archer ×45 · Knight ×17 · Trebuchet (Packed) ×2
Feudal
15:44
Castle
22:47
Imperial
—
| APM avg | 31.4 |
| APM peak | 103 |
| eAPM avg | 12.6 |
| Villagers / military | 64 / 58 |
Focus
⚔️ 27.9% · 🌾 72.1%
Spearman ×28 · Woad Raider ×25 · Scorpion ×5
Feudal
15:49
Castle
20:10
Imperial
—
| APM avg | 19.7 |
| APM peak | 49 |
| eAPM avg | 9.1 |
| Villagers / military | 54 / 28 |
Focus
⚔️ 36.7% · 🌾 63.3%
Knight ×14 · Petard ×9 · Tarkan ×3 · Monk ×2
Feudal
14:23
Castle
23:23
Imperial
—
| APM avg | 11.6 |
| APM peak | 27 |
| eAPM avg | 9.3 |
| Villagers / military | 63 / 79 |
Focus
⚔️ 30.4% · 🌾 69.6%
Throwing Axeman ×27 · Knight ×26 · Scout Cavalry ×10 · Spearman ×5 · Scorpion ×5 · Monk ×4
Match map
Initial resources + every placement click. Lines = walls · curves = elevation contours. ◆ gold · ⬟ stone · ● berries · ✦ relic · ◌ wall gap
Your base· Open — unwalled flank
EL PELUCA SAPEEE's base· Open — unwalled flank
Tunometecabra's base· Open — 12t gap
EL SANTO PADRE's base· Open — 6t gap
cobraX's base· Open — unwalled flank
Asterix's base· Open — unwalled flank
Smoothed initial terrain · ◌ = detected wall gap · hover for details
Inputs per minute
— Leon S. Kennedy - - EL PELUCA SAPEEE
Build order — Leon S. Kennedy
First 150 of 306 actions detected
| 1:32 | Build | Town Center |
| 2:36 | Build | House |
| 2:36 | Build | House |
| 2:37 | Build | House |
| 2:38 | Build | House |
| 3:48 | Research | Loom |
| 3:48 | Create | Villager (Male) |
| 3:49 | Create | Villager (Male) |
| 3:49 | Create | Villager (Male) |
| 3:49 | Create | Villager (Male) |
| 3:49 | Create | Villager (Male) |
| 3:50 | Create | Villager (Male) |
| 5:17 | Create | Villager (Male) |
| 5:17 | Create | Villager (Male) |
| 6:18 | Create | Villager (Male) |
| 6:18 | Create | Villager (Male) |
| 6:53 | Create | Villager (Male) |
| 6:53 | Create | Villager (Male) |
| 7:13 | Create | Villager (Male) |
| 7:14 | Create | Villager (Male) |
| 7:23 | Create | Villager (Male) |
| 7:23 | Create | Villager (Male) |
| 7:41 | Create | Villager (Male) |
| 7:41 | Create | Villager (Male) |
| 8:26 | Create | Villager (Male) |
| 8:27 | Create | Villager (Male) |
| 9:01 | Create | Villager (Male) |
| 9:02 | Create | Villager (Male) |
| 9:02 | Create | Villager (Male) |
| 9:02 | Create | Villager (Male) |
| 9:52 | Create | Villager (Male) |
| 9:52 | Create | Villager (Male) |
| 10:16 | Create | Villager (Male) |
| 10:17 | Create | Villager (Male) |
| 10:17 | Create | Villager (Male) |
| 10:32 | Create | Villager (Male) |
| 10:32 | Create | Villager (Male) |
| 11:05 | Create | Villager (Male) |
| 11:05 | Create | Villager (Male) |
| 11:11 | Build | Lumber Camp |
| 12:11 | Create | Villager (Male) |
| 12:11 | Create | Villager (Male) |
| 12:20 | Build | House |
| 12:22 | Create | Villager (Male) |
| 12:22 | Create | Villager (Male) |
| 12:22 | Create | Villager (Male) |
| 12:22 | Create | Villager (Male) |
| 12:23 | Create | Villager (Male) |
| 12:23 | Create | Villager (Male) |
| 12:33 | Create | Villager (Male) |
| 12:33 | Create | Villager (Male) |
| 12:56 | Build | Mill |
| 13:08 | Build | Mining Camp |
| 14:41 | Build | Mining Camp |
| 15:01 | Build | Farm |
| 15:02 | Build | Farm |
| 15:03 | Build | Farm |
| 15:18 | Build | Palisade Wall |
| 15:29 | Build | Farm |
| 15:29 | Build | Farm |
| 15:31 | Build | Farm |
| 15:34 | Research | Feudal Age |
| 15:41 | Build | Barracks |
| 16:18 | Build | House |
| 16:19 | Build | House |
| 16:21 | Build | House |
| 16:29 | Create | Villager (Male) |
| 16:29 | Create | Villager (Male) |
| 17:16 | Create | Militia |
| 17:16 | Create | Militia |
| 17:16 | Create | Militia |
| 17:44 | Age | Feudal Age |
| 17:48 | Research | Man-at-Arms (upgrade) |
| 17:57 | Build | Archery Range |
| 18:19 | Create | Spearman |
| 18:19 | Create | Spearman |
| 18:39 | Create | Villager (Male) |
| 18:39 | Create | Villager (Male) |
| 19:00 | Create | Archer |
| 19:00 | Create | Archer |
| 19:00 | Create | Archer |
| 19:01 | Create | Archer |
| 19:01 | Create | Skirmisher |
| 19:02 | Create | Skirmisher |
| 19:02 | Create | Skirmisher |
| 19:02 | Create | Skirmisher |
| 19:07 | Build | Farm |
| 19:29 | Build | Watch Tower |
| 19:46 | Build | Farm |
| 19:47 | Build | Farm |
| 20:02 | Create | Spearman |
| 20:02 | Create | Spearman |
| 20:02 | Create | Spearman |
| 20:04 | Create | Villager (Male) |
| 20:04 | Create | Villager (Male) |
| 20:04 | Create | Villager (Male) |
| 20:15 | Build | Farm |
| 20:28 | Build | Blacksmith |
| 20:44 | Build | House |
| 20:45 | Build | House |
| 20:46 | Build | House |
| 20:47 | Build | House |
| 21:13 | Research | Forging |
| 21:13 | Research | Fletching |
| 21:19 | Create | Villager (Male) |
| 21:19 | Create | Villager (Male) |
| 22:14 | Build | Lumber Camp |
| 24:10 | Build | Stable |
| 24:56 | Build | Barracks |
| 25:08 | Build | Farm |
| 25:09 | Build | Farm |
| 25:37 | Build | House |
| 25:38 | Build | House |
| 25:39 | Build | House |
| 25:39 | Build | House |
| 25:40 | Build | House |
| 25:41 | Build | House |
| 25:42 | Research | Castle Age |
| 25:46 | Create | Spearman |
| 25:46 | Create | Spearman |
| 25:46 | Create | Spearman |
| 25:46 | Create | Spearman |
| 25:47 | Create | Spearman |
| 26:38 | Research | Fletching |
| 27:24 | Research | Arson |
| 27:25 | Create | Spearman |
| 27:25 | Create | Spearman |
| 27:26 | Create | Spearman |
| 27:26 | Create | Spearman |
| 27:26 | Create | Spearman |
| 27:28 | Create | Archer |
| 27:29 | Create | Archer |
| 27:29 | Create | Archer |
| 27:30 | Create | Archer |
| 27:45 | Research | Double-Bit Axe |
| 28:15 | Build | Farm |
| 28:16 | Create | Villager (Male) |
| 28:16 | Create | Villager (Male) |
| 28:22 | Age | Castle Age |
| 28:26 | Research | Gambesons |
| 28:33 | Build | Castle |
| 28:35 | Create | Villager (Male) |
| 28:35 | Create | Villager (Male) |
| 28:35 | Create | Villager (Male) |
| 29:01 | Build | Town Center |
| 29:12 | Create | Villager (Male) |
| 29:12 | Create | Villager (Male) |
| 29:13 | Create | Villager (Male) |
| 29:19 | Research | Elite Skirmisher (upgrade) |
| 29:20 | Create | Cavalry Archer |
Build order — EL PELUCA SAPEEE
147 actions detected in the replay
| 1:09 | Build | Town Center |
| 1:49 | Build | House |
| 1:54 | Build | House |
| 1:58 | Build | House |
| 2:00 | Build | House |
| 2:14 | Build | Mining Camp |
| 3:19 | Research | Loom |
| 3:20 | Create | Villager (Male) ×4 |
| 6:20 | Build | Mill |
| 8:06 | Create | Villager (Male) |
| 8:23 | Create | Villager (Male) |
| 8:59 | Create | Villager (Male) |
| 9:38 | Create | Villager (Male) |
| 10:01 | Create | Villager (Male) |
| 11:52 | Create | Villager (Male) |
| 12:23 | Create | Villager (Male) |
| 12:24 | Create | Villager (Male) |
| 12:26 | Create | Villager (Male) |
| 12:52 | Build | Farm |
| 13:03 | Create | Villager (Male) |
| 13:04 | Create | Villager (Male) |
| 13:16 | Build | Farm |
| 13:43 | Build | Farm |
| 13:49 | Create | Villager (Male) |
| 14:20 | Build | Farm |
| 14:26 | Create | Villager (Male) |
| 14:34 | Build | Farm |
| 14:58 | Build | Mill |
| 15:03 | Build | Farm |
| 15:23 | Build | Farm |
| 15:29 | Create | Villager (Male) |
| 16:37 | Research | Feudal Age |
| 16:56 | Build | Barracks |
| 17:04 | Build | House |
| 17:06 | Build | House |
| 17:16 | Build | Barracks |
| 18:24 | Create | Militia ×5 |
| 18:47 | Age | Feudal Age |
| 18:52 | Research | Horse Collar |
| 18:55 | Create | Villager (Male) |
| 19:07 | Build | Lumber Camp |
| 19:14 | Research | Man-at-Arms (upgrade) |
| 19:32 | Build | Blacksmith |
| 19:48 | Research | Double-Bit Axe |
| 19:55 | Create | Villager (Male) |
| 19:56 | Create | Villager (Male) |
| 20:19 | Create | Militia ×5 |
| 20:31 | Create | Villager (Male) |
| 21:12 | Build | Farm |
| 21:16 | Build | Farm |
| 21:23 | Create | Villager (Male) |
| 21:41 | Build | House |
| 21:42 | Build | House |
| 21:44 | Build | House |
| 21:45 | Build | House |
| 23:40 | Build | Mining Camp |
| 24:26 | Research | Forging |
| 24:28 | Research | Scale Mail Armor |
| 24:36 | Build | Farm |
| 24:44 | Create | Villager (Male) |
| 25:39 | Build | Farm |
| 25:47 | Create | Villager (Male) |
| 25:52 | Build | Farm |
| 25:55 | Create | Villager (Male) |
| 26:26 | Build | Dock |
| 26:45 | Build | Stable |
| 26:46 | Build | Stable |
| 26:54 | Build | Farm |
| 26:57 | Create | Villager (Male) |
| 27:01 | Create | Villager (Male) |
| 27:36 | Create | Militia ×5 |
| 27:51 | Create | Demolition Raft |
| 27:53 | Create | Demolition Raft |
| 27:59 | Create | Villager (Male) |
| 28:07 | Create | Fishing Ship |
| 28:07 | Create | Fishing Ship |
| 28:08 | Create | Fishing Ship |
| 28:28 | Build | Farm |
| 28:34 | Research | Castle Age |
| 28:52 | Build | Fish Trap |
| 29:11 | Create | Militia |
| 29:11 | Create | Militia |
| 29:11 | Create | Militia |
| 29:12 | Create | Militia |
| 29:42 | Build | Barracks |
| 30:03 | Build | Fish Trap |
| 30:41 | Build | Fish Trap |
| 31:14 | Age | Castle Age |
| 31:49 | Research | Tech 906 |
| 31:52 | Research | Wheelbarrow |
| 32:05 | Research | Heavy Plow |
| 32:15 | Research | Pikeman (upgrade) |
| 32:16 | Research | Long Swordsman (upgrade) |
| 32:17 | Research | Squires |
| 32:35 | Research | Gold Mining |
| 32:52 | Research | Town Watch |
| 32:53 | Create | Villager (Male) |
| 32:53 | Create | Villager (Male) |
| 32:54 | Create | Villager (Male) |
| 33:17 | Create | Spearman ×5 |
| 34:33 | Build | Mining Camp |
| 34:42 | Research | Chain Mail Armor |
| 34:43 | Research | Iron Casting |
| 34:44 | Research | Fletching |
| 34:54 | Create | Spearman ×5 |
| 35:02 | Build | Mill |
| 35:06 | Build | Farm |
| 35:11 | Create | Villager (Male) |
| 35:12 | Create | Villager (Male) |
| 35:12 | Create | Villager (Male) |
| 35:22 | Research | Light Cavalry (upgrade) |
| 35:27 | Create | Demolition Raft |
| 35:40 | Create | Villager (Male) |
| 35:41 | Create | Villager (Male) |
| 35:42 | Create | Villager (Male) |
| 35:48 | Create | Fishing Ship |
| 35:50 | Create | Fishing Ship |
| 36:24 | Build | Farm |
| 36:38 | Create | Spearman ×3 |
| 36:38 | Create | Spearman ×3 |
| 36:39 | Create | Spearman |
| 36:50 | Create | Villager (Male) |
| 36:50 | Create | Villager (Male) |
| 36:51 | Create | Villager (Male) |
| 37:04 | Build | Fish Trap |
| 37:38 | Build | Farm |
| 37:53 | Build | Farm |
| 38:03 | Build | House |
| 38:07 | Build | House |
| 38:17 | Build | Farm |
| 38:36 | Create | Spearman ×4 |
| 40:13 | Create | Villager (Male) |
| 40:14 | Create | Villager (Male) |
| 40:14 | Create | Villager (Male) |
| 40:19 | Build | Fish Trap |
| 40:34 | Build | House |
| 41:32 | Build | Castle |
| 41:37 | Build | University |
| 42:05 | Build | Barracks |
| 42:16 | Create | Spearman ×4 |
| 42:35 | Research | Imperial Age |
| 42:39 | Research | Anarchy |
| 42:59 | Create | Spearman |
| 42:59 | Create | Spearman |
| 42:59 | Create | Spearman |
| 43:00 | Create | Spearman |
| 43:00 | Create | Spearman |
Build order — Tunometecabra
First 150 of 249 actions detected
| 0:05 | Build | House |
| 0:17 | Build | Town Center |
| 1:38 | Build | House |
| 2:41 | Create | Villager (Male) |
| 2:41 | Create | Villager (Male) |
| 2:41 | Create | Villager (Male) |
| 2:42 | Create | Villager (Male) |
| 2:42 | Create | Villager (Male) |
| 4:46 | Create | Villager (Male) |
| 4:46 | Create | Villager (Male) |
| 5:29 | Create | Villager (Male) |
| 5:30 | Create | Villager (Male) |
| 6:15 | Create | Villager (Male) |
| 6:58 | Create | Villager (Male) |
| 6:58 | Create | Villager (Male) |
| 7:02 | Build | House |
| 7:03 | Build | House |
| 7:16 | Create | Villager (Male) |
| 8:38 | Build | Lumber Camp |
| 9:12 | Research | Loom |
| 9:47 | Build | Mill |
| 10:10 | Build | House |
| 10:22 | Build | House |
| 10:31 | Build | House |
| 11:01 | Research | Feudal Age |
| 12:04 | Build | House |
| 12:05 | Build | House |
| 12:17 | Create | Villager (Male) |
| 12:17 | Create | Villager (Male) |
| 12:19 | Create | Villager (Male) |
| 13:05 | Age | Feudal Age |
| 13:12 | Build | Blacksmith |
| 13:16 | Build | Market |
| 14:24 | Create | Villager (Male) |
| 14:24 | Create | Villager (Male) |
| 15:09 | Build | Lumber Camp |
| 15:31 | Create | Villager (Male) |
| 16:00 | Build | Mill |
| 17:29 | Research | Castle Age |
| 18:02 | Research | Double-Bit Axe |
| 18:44 | Build | Farm |
| 18:44 | Build | Farm |
| 18:45 | Build | Farm |
| 18:45 | Build | Farm |
| 19:54 | Age | Castle Age |
| 19:56 | Build | Town Center |
| 20:05 | Create | Villager (Male) |
| 20:29 | Create | Villager (Male) |
| 20:29 | Create | Villager (Male) |
| 20:30 | Create | Villager (Male) |
| 20:53 | Build | Farm |
| 21:08 | Create | Villager (Male) |
| 21:20 | Build | Farm |
| 21:32 | Build | Farm |
| 21:46 | Build | Town Center |
| 21:55 | Create | Villager (Male) |
| 22:12 | Create | Villager (Male) |
| 22:22 | Build | Farm |
| 22:24 | Create | Villager (Male) |
| 22:44 | Create | Villager (Male) |
| 22:48 | Build | Farm |
| 23:16 | Build | Farm |
| 23:22 | Create | Villager (Male) |
| 23:24 | Create | Villager (Male) |
| 23:42 | Create | Villager (Male) |
| 23:48 | Build | Farm |
| 24:06 | Create | Villager (Male) |
| 24:13 | Build | Farm |
| 24:23 | Build | Barracks |
| 24:27 | Build | Palisade Wall |
| 24:29 | Build | House |
| 24:30 | Build | House |
| 24:31 | Build | House |
| 24:35 | Build | House |
| 24:40 | Create | Villager (Male) |
| 24:41 | Create | Villager (Male) |
| 24:41 | Create | Villager (Male) |
| 25:34 | Create | Villager (Male) |
| 25:34 | Create | Villager (Male) |
| 25:34 | Create | Villager (Male) |
| 25:35 | Create | Villager (Male) |
| 25:35 | Create | Villager (Male) |
| 25:41 | Build | Palisade Gate |
| 25:45 | Build | Stable |
| 25:45 | Build | Stable |
| 26:00 | Build | Farm |
| 26:06 | Create | Villager (Male) |
| 26:06 | Create | Villager (Male) |
| 26:07 | Create | Villager (Male) |
| 26:28 | Build | Farm |
| 26:40 | Research | Town Watch |
| 26:44 | Build | Farm |
| 26:57 | Create | Villager (Male) |
| 26:57 | Create | Villager (Male) |
| 27:09 | Build | House |
| 27:12 | Build | Farm |
| 27:15 | Create | Villager (Male) |
| 27:15 | Create | Villager (Male) |
| 27:24 | Build | House |
| 27:27 | Build | Palisade Wall |
| 27:41 | Create | Villager (Male) |
| 27:42 | Create | Villager (Male) |
| 27:42 | Create | Villager (Male) |
| 28:07 | Create | Villager (Male) |
| 28:07 | Create | Villager (Male) |
| 28:18 | Build | Archery Range |
| 28:19 | Build | Archery Range |
| 28:34 | Create | Villager (Male) |
| 28:34 | Create | Villager (Male) |
| 29:02 | Build | House |
| 29:04 | Build | House |
| 29:05 | Build | House |
| 29:06 | Build | House |
| 29:10 | Build | House |
| 29:16 | Create | Villager (Male) |
| 29:26 | Research | Crossbowman (upgrade) |
| 29:38 | Build | Lumber Camp |
| 29:42 | Build | Lumber Camp |
| 29:45 | Research | Bow Saw |
| 29:49 | Create | Villager (Male) |
| 30:05 | Build | Stone Wall |
| 30:10 | Create | Archer |
| 30:10 | Create | Archer |
| 30:10 | Create | Archer |
| 30:11 | Create | Archer |
| 30:11 | Create | Archer |
| 30:11 | Create | Archer |
| 30:11 | Create | Archer |
| 30:12 | Create | Archer |
| 30:12 | Create | Archer |
| 30:13 | Create | Archer |
| 30:41 | Create | Villager (Male) |
| 30:41 | Create | Villager (Male) |
| 30:53 | Build | Gate |
| 31:02 | Create | Archer |
| 31:02 | Create | Archer |
| 31:02 | Create | Archer |
| 31:09 | Create | Villager (Male) |
| 31:09 | Create | Villager (Male) |
| 31:10 | Create | Villager (Male) |
| 31:10 | Create | Villager (Male) |
| 31:25 | Build | Town Center |
| 31:39 | Create | Archer |
| 31:39 | Create | Archer |
| 31:39 | Create | Archer |
| 31:39 | Create | Archer |
| 31:49 | Build | House |
| 31:49 | Build | House |
| 31:50 | Build | House |
| 31:51 | Build | House |
Build order — EL SANTO PADRE
First 150 of 174 actions detected
| 0:23 | Build | Town Center |
| 1:16 | Build | House |
| 1:18 | Build | House |
| 2:30 | Research | Loom |
| 2:30 | Create | Villager (Male) |
| 2:31 | Create | Villager (Male) |
| 2:31 | Create | Villager (Male) |
| 2:31 | Create | Villager (Male) |
| 2:32 | Create | Villager (Male) |
| 4:23 | Create | Villager (Male) |
| 4:24 | Create | Villager (Male) |
| 5:19 | Create | Villager (Male) |
| 5:19 | Create | Villager (Male) |
| 5:48 | Create | Villager (Male) |
| 5:48 | Create | Villager (Male) |
| 5:48 | Create | Villager (Male) |
| 6:05 | Create | Villager (Male) |
| 6:05 | Create | Villager (Male) |
| 6:05 | Create | Villager (Male) |
| 6:33 | Build | Mill |
| 6:37 | Create | Villager (Male) |
| 6:37 | Create | Villager (Male) |
| 7:09 | Build | House |
| 7:11 | Build | House |
| 7:44 | Create | Villager (Male) |
| 7:44 | Create | Villager (Male) |
| 8:01 | Create | Villager (Male) |
| 8:02 | Create | Villager (Male) |
| 8:06 | Create | Villager (Male) |
| 8:06 | Create | Villager (Male) |
| 8:32 | Create | Villager (Male) |
| 8:33 | Create | Villager (Male) |
| 9:08 | Create | Villager (Male) |
| 9:08 | Create | Villager (Male) |
| 9:09 | Create | Villager (Male) |
| 9:24 | Create | Villager (Male) |
| 9:24 | Create | Villager (Male) |
| 9:38 | Create | Villager (Male) |
| 9:39 | Create | Villager (Male) |
| 9:57 | Create | Villager (Male) |
| 9:58 | Create | Villager (Male) |
| 10:27 | Create | Villager (Male) |
| 12:01 | Build | Mill |
| 12:06 | Build | House |
| 12:07 | Build | House |
| 12:08 | Build | House |
| 12:09 | Build | House |
| 13:02 | Build | Mining Camp |
| 13:34 | Research | Feudal Age |
| 13:46 | Build | Barracks |
| 14:24 | Create | Villager (Male) |
| 14:24 | Create | Villager (Male) |
| 14:24 | Create | Villager (Male) |
| 14:24 | Create | Villager (Male) |
| 14:24 | Create | Villager (Male) |
| 15:05 | Build | Lumber Camp |
| 15:28 | Build | Mill |
| 15:37 | Create | Villager (Male) |
| 15:37 | Create | Villager (Male) |
| 15:37 | Create | Villager (Male) |
| 15:38 | Create | Villager (Male) |
| 15:38 | Create | Villager (Male) |
| 15:44 | Age | Feudal Age |
| 15:48 | Build | Stable |
| 16:19 | Research | Horse Collar |
| 16:50 | Research | Double-Bit Axe |
| 17:16 | Build | Mill |
| 17:40 | Research | Wheelbarrow |
| 17:58 | Build | Farm |
| 18:02 | Build | Farm |
| 18:39 | Build | Blacksmith |
| 19:02 | Build | Lumber Camp |
| 19:36 | Build | Mining Camp |
| 19:47 | Build | Farm |
| 20:07 | Research | Castle Age |
| 20:29 | Research | Stone Mining |
| 20:41 | Build | Farm |
| 20:46 | Build | Farm |
| 20:53 | Build | Farm |
| 20:58 | Build | Farm |
| 21:03 | Build | Farm |
| 21:12 | Build | Farm |
| 22:02 | Create | Spearman |
| 22:03 | Create | Spearman |
| 22:03 | Create | Spearman |
| 22:03 | Create | Spearman |
| 22:04 | Create | Spearman |
| 22:04 | Create | Spearman |
| 22:04 | Create | Spearman |
| 22:04 | Create | Spearman |
| 22:05 | Create | Spearman |
| 22:47 | Age | Castle Age |
| 22:57 | Create | Spearman |
| 22:57 | Create | Spearman |
| 22:57 | Create | Spearman |
| 24:29 | Research | Wheelbarrow |
| 25:03 | Create | Villager (Male) |
| 25:03 | Create | Villager (Male) |
| 25:03 | Create | Villager (Male) |
| 25:37 | Build | Castle |
| 25:48 | Create | Villager (Male) |
| 25:48 | Create | Villager (Male) |
| 26:12 | Create | Villager (Male) |
| 26:12 | Create | Villager (Male) |
| 26:12 | Create | Villager (Male) |
| 26:37 | Create | Villager (Male) |
| 26:37 | Create | Villager (Male) |
| 27:11 | Build | Farm |
| 27:14 | Build | Farm |
| 27:19 | Create | Woad Raider |
| 27:19 | Create | Woad Raider |
| 27:32 | Build | Farm |
| 27:35 | Create | Villager (Male) |
| 27:36 | Create | Villager (Male) |
| 27:36 | Create | Villager (Male) |
| 27:50 | Create | Spearman |
| 27:51 | Create | Spearman |
| 27:51 | Create | Spearman |
| 28:09 | Create | Woad Raider |
| 28:09 | Create | Woad Raider |
| 28:20 | Build | Siege Workshop |
| 28:31 | Create | Woad Raider |
| 28:31 | Create | Woad Raider |
| 28:49 | Create | Woad Raider |
| 28:50 | Create | Woad Raider |
| 28:55 | Create | Villager (Male) |
| 28:55 | Create | Villager (Male) |
| 29:01 | Build | Farm |
| 29:21 | Create | Scorpion |
| 29:21 | Create | Scorpion |
| 29:22 | Create | Scorpion |
| 29:22 | Create | Scorpion |
| 29:27 | Create | Villager (Male) |
| 29:28 | Create | Villager (Male) |
| 29:28 | Create | Villager (Male) |
| 29:28 | Create | Villager (Male) |
| 29:45 | Research | Gold Mining |
| 29:56 | Create | Scorpion |
| 30:37 | Build | Lumber Camp |
| 30:49 | Research | Pikeman (upgrade) |
| 30:59 | Create | Spearman |
| 31:00 | Create | Spearman |
| 31:17 | Create | Woad Raider |
| 31:17 | Create | Woad Raider |
| 31:18 | Create | Woad Raider |
| 31:18 | Create | Woad Raider |
| 31:18 | Create | Woad Raider |
| 31:19 | Create | Woad Raider |
| 31:19 | Create | Woad Raider |
| 31:38 | Create | Spearman |
Build order — cobraX
112 actions detected in the replay
| 1:47 | Build | Town Center |
| 4:15 | Create | Villager (Male) ×4 |
| 5:44 | Create | Villager (Male) |
| 6:40 | Create | Villager (Male) |
| 6:44 | Create | Villager (Male) |
| 6:45 | Create | Villager (Male) |
| 6:47 | Create | Villager (Male) |
| 7:24 | Create | Villager (Male) |
| 8:03 | Create | Villager (Male) |
| 8:04 | Create | Villager (Male) |
| 8:18 | Create | Villager (Male) |
| 8:26 | Create | Villager (Male) |
| 8:56 | Build | Mill |
| 9:05 | Create | Villager (Male) |
| 9:06 | Create | Villager (Male) |
| 10:40 | Build | Mill |
| 10:56 | Create | Villager (Male) |
| 10:56 | Create | Villager (Male) |
| 11:29 | Build | Palisade Wall |
| 11:35 | Build | Palisade Wall |
| 11:38 | Build | Palisade Wall |
| 11:49 | Create | Villager (Male) |
| 11:51 | Research | Loom |
| 11:55 | Create | Villager (Male) |
| 12:28 | Build | Barracks |
| 12:34 | Create | Villager (Male) |
| 13:39 | Research | Feudal Age |
| 15:49 | Age | Feudal Age |
| 16:13 | Create | Villager (Male) |
| 16:24 | Build | Market |
| 16:38 | Build | Blacksmith |
| 16:45 | Create | Villager (Male) |
| 16:54 | Build | Lumber Camp |
| 17:12 | Build | Stable |
| 17:31 | Research | Castle Age |
| 17:39 | Build | Stable |
| 18:14 | Build | Mining Camp |
| 18:37 | Build | Farm |
| 18:43 | Build | Farm |
| 18:46 | Build | Farm |
| 19:18 | Build | Farm |
| 19:27 | Build | Farm |
| 19:52 | Build | Farm |
| 20:10 | Age | Castle Age |
| 20:11 | Create | Knight |
| 20:12 | Create | Knight |
| 20:19 | Create | Villager (Male) |
| 20:34 | Build | Farm |
| 20:53 | Create | Knight |
| 21:06 | Build | Farm |
| 21:07 | Build | Farm |
| 21:11 | Build | Farm |
| 21:15 | Research | Double-Bit Axe |
| 21:26 | Create | Villager (Male) |
| 22:46 | Create | Knight ×2 |
| 25:15 | Create | Knight |
| 25:18 | Create | Villager (Male) ×5 |
| 25:19 | Create | Villager (Male) ×2 |
| 25:53 | Create | Villager (Male) |
| 25:53 | Create | Villager (Male) |
| 26:26 | Build | Castle |
| 26:33 | Create | Knight |
| 28:37 | Create | Villager (Male) |
| 28:37 | Create | Villager (Male) |
| 29:35 | Build | Monastery |
| 29:54 | Create | Villager (Male) |
| 31:14 | Create | Monk |
| 32:39 | Create | Villager (Male) ×5 |
| 33:26 | Create | Monk |
| 34:09 | Build | Farm |
| 34:15 | Create | Villager (Male) |
| 34:19 | Create | Villager (Male) |
| 34:22 | Build | Farm |
| 34:39 | Create | Knight |
| 34:47 | Build | Farm |
| 36:22 | Build | Farm |
| 36:28 | Create | Knight |
| 36:30 | Create | Knight |
| 36:34 | Research | Scale Barding Armor |
| 36:42 | Research | Forging |
| 36:46 | Create | Villager (Male) |
| 36:46 | Create | Villager (Male) |
| 36:49 | Research | Wheelbarrow |
| 37:21 | Create | Knight |
| 37:25 | Create | Villager (Male) |
| 37:43 | Create | Tarkan |
| 38:47 | Create | Villager (Male) |
| 38:48 | Create | Villager (Male) |
| 38:48 | Create | Villager (Male) |
| 38:48 | Create | Villager (Male) |
| 38:48 | Create | Villager (Male) |
| 40:04 | Create | Tarkan |
| 40:05 | Create | Knight |
| 40:06 | Create | Knight |
| 40:56 | Research | Chain Barding Armor |
| 41:06 | Build | Lumber Camp |
| 41:31 | Create | Villager (Male) |
| 41:32 | Create | Villager (Male) |
| 42:01 | Build | Farm |
| 42:02 | Build | Farm |
| 42:07 | Build | Farm |
| 42:11 | Create | Tarkan |
| 42:15 | Create | Knight |
| 43:31 | Create | Petard |
| 44:35 | Create | Petard |
| 44:35 | Create | Petard |
| 44:35 | Create | Petard |
| 45:01 | Create | Petard |
| 45:02 | Create | Petard |
| 45:02 | Create | Petard |
| 45:25 | Create | Petard |
| 45:25 | Create | Petard |
Build order — Asterix
First 150 of 220 actions detected
| 1:03 | Build | Town Center |
| 3:21 | Build | House |
| 3:30 | Create | Villager (Male) |
| 3:30 | Create | Villager (Male) |
| 3:30 | Create | Villager (Male) |
| 3:30 | Create | Villager (Male) |
| 3:30 | Create | Villager (Male) |
| 5:29 | Create | Villager (Male) |
| 5:38 | Research | Loom |
| 6:05 | Create | Villager (Male) |
| 6:06 | Create | Villager (Male) |
| 6:30 | Create | Villager (Male) |
| 6:30 | Create | Villager (Male) |
| 6:53 | Build | House |
| 7:17 | Build | Mill |
| 8:51 | Create | Villager (Male) |
| 8:51 | Create | Villager (Male) |
| 8:51 | Create | Villager (Male) |
| 8:57 | Build | House |
| 9:05 | Create | Villager (Male) |
| 9:05 | Create | Villager (Male) |
| 9:39 | Build | House |
| 9:44 | Create | Villager (Male) |
| 9:44 | Create | Villager (Male) |
| 10:20 | Build | House |
| 10:22 | Build | House |
| 11:02 | Build | Mill |
| 11:29 | Build | Lumber Camp |
| 12:13 | Research | Feudal Age |
| 12:22 | Create | Villager (Male) |
| 12:22 | Create | Villager (Male) |
| 12:23 | Create | Villager (Male) |
| 12:23 | Create | Villager (Male) |
| 12:54 | Build | Barracks |
| 13:59 | Build | Farm |
| 14:23 | Age | Feudal Age |
| 14:28 | Create | Villager (Male) |
| 14:28 | Create | Villager (Male) |
| 14:38 | Build | Farm |
| 14:42 | Build | Farm |
| 14:43 | Build | Farm |
| 14:45 | Build | Farm |
| 14:57 | Build | Mining Camp |
| 15:14 | Create | Villager (Male) |
| 15:14 | Create | Villager (Male) |
| 15:35 | Research | Double-Bit Axe |
| 16:01 | Create | Villager (Male) |
| 16:02 | Create | Villager (Male) |
| 16:49 | Research | Gold Mining |
| 16:56 | Create | Villager (Male) |
| 16:56 | Create | Villager (Male) |
| 17:10 | Build | Farm |
| 17:33 | Build | Farm |
| 17:39 | Build | Farm |
| 17:47 | Build | Mining Camp |
| 18:03 | Build | House |
| 18:07 | Build | House |
| 18:15 | Build | Farm |
| 18:45 | Build | Watch Tower |
| 18:51 | Create | Spearman |
| 18:51 | Create | Spearman |
| 19:23 | Build | Market |
| 19:52 | Build | House |
| 19:53 | Build | House |
| 20:08 | Build | Blacksmith |
| 20:36 | Build | House |
| 20:43 | Research | Castle Age |
| 21:28 | Build | Stable |
| 21:42 | Build | House |
| 21:44 | Build | House |
| 21:45 | Build | House |
| 21:46 | Build | House |
| 21:47 | Build | House |
| 21:49 | Build | House |
| 21:51 | Build | House |
| 22:05 | Create | Villager (Male) |
| 22:06 | Create | Villager (Male) |
| 22:06 | Create | Villager (Male) |
| 22:07 | Create | Villager (Male) |
| 22:25 | Build | Lumber Camp |
| 23:23 | Age | Castle Age |
| 23:28 | Create | Knight |
| 23:28 | Create | Knight |
| 23:29 | Create | Knight |
| 24:16 | Build | Town Center |
| 24:20 | Create | Villager (Male) |
| 24:20 | Create | Villager (Male) |
| 24:20 | Create | Villager (Male) |
| 25:05 | Research | Forging |
| 25:20 | Create | Villager (Male) |
| 25:44 | Create | Knight |
| 25:44 | Create | Knight |
| 25:45 | Create | Knight |
| 25:46 | Create | Knight |
| 26:01 | Build | Farm |
| 26:06 | Create | Knight |
| 26:07 | Create | Knight |
| 26:30 | Build | Watch Tower |
| 26:51 | Create | Knight |
| 26:51 | Create | Knight |
| 26:51 | Create | Knight |
| 27:08 | Create | Knight |
| 27:08 | Create | Knight |
| 27:09 | Create | Knight |
| 28:05 | Build | Monastery |
| 28:15 | Build | Farm |
| 28:43 | Build | Farm |
| 28:51 | Build | Farm |
| 29:13 | Create | Monk |
| 29:13 | Create | Monk |
| 29:45 | Create | Villager (Male) |
| 29:45 | Create | Villager (Male) |
| 29:45 | Create | Villager (Male) |
| 29:45 | Create | Villager (Male) |
| 29:46 | Create | Villager (Male) |
| 29:46 | Create | Villager (Male) |
| 29:46 | Create | Villager (Male) |
| 30:30 | Build | Castle |
| 31:19 | Create | Knight |
| 31:20 | Create | Knight |
| 31:20 | Create | Knight |
| 31:45 | Research | Husbandry |
| 31:45 | Create | Knight |
| 31:46 | Create | Knight |
| 31:46 | Create | Knight |
| 31:56 | Create | Scout Cavalry |
| 31:56 | Create | Scout Cavalry |
| 31:56 | Create | Scout Cavalry |
| 31:57 | Create | Scout Cavalry |
| 32:43 | Create | Monk |
| 32:59 | Research | Scale Barding Armor |
| 33:00 | Research | Fletching |
| 33:08 | Create | Throwing Axeman |
| 33:08 | Create | Throwing Axeman |
| 33:25 | Build | Mining Camp |
| 33:45 | Build | Town Center |
| 33:51 | Create | Throwing Axeman |
| 33:51 | Create | Throwing Axeman |
| 33:52 | Create | Throwing Axeman |
| 33:52 | Create | Throwing Axeman |
| 33:52 | Create | Throwing Axeman |
| 34:11 | Create | Throwing Axeman |
| 34:21 | Create | Monk |
| 34:27 | Research | Light Cavalry (upgrade) |
| 34:41 | Create | Villager (Male) |
| 34:41 | Create | Villager (Male) |
| 34:50 | Build | Farm |
| 34:51 | Build | Farm |
| 35:10 | Create | Throwing Axeman |
| 35:53 | Create | Throwing Axeman |
Match timeline
| 11:29 | cobraX · wall_segment Palisade Wall x1 |
| 11:35 | cobraX · wall_segment Palisade Wall x1 |
| 11:38 | cobraX · wall_segment Palisade Wall x1 |
| 12:28 | cobraX · first_building Barracks |
| 12:54 | Asterix · first_building Barracks |
| 13:05 | Tunometecabra · age_up feudal |
| 13:46 | EL SANTO PADRE · first_building Barracks |
| 14:23 | Asterix · age_up feudal |
| 15:18 | Leon S. Kennedy · wall_segment Palisade Wall x8 |
| 15:41 | Leon S. Kennedy · first_building Barracks |
| 15:44 | EL SANTO PADRE · age_up feudal |
| 15:48 | EL SANTO PADRE · first_building Stable |
| 15:49 | cobraX · age_up feudal |
| 16:56 | EL PELUCA SAPEEE · first_building Barracks |
| 17:12 | cobraX · first_building Stable |
| 17:30 | cobraX · first_market_sell 100 food |
| 17:44 | Leon S. Kennedy · age_up feudal |
| 17:57 | Leon S. Kennedy · first_building Archery Range |
| 18:47 | EL PELUCA SAPEEE · age_up feudal |
| 19:54 | Tunometecabra · age_up castle |
| 20:10 | cobraX · age_up castle |
| 21:28 | Asterix · first_building Stable |
| 22:34 | Asterix · tribute_sent a jugador 1 |
| 22:34 | Asterix · tribute_sent a jugador 2 |
| 22:34 | Asterix · tribute_sent a jugador 3 |
| 22:34 | Asterix · tribute_sent a jugador 4 |
| 22:34 | Asterix · tribute_sent a jugador 5 |
| 22:47 | EL SANTO PADRE · age_up castle |
| 23:23 | Asterix · age_up castle |
| 24:10 | Leon S. Kennedy · first_building Stable |
| 24:23 | Tunometecabra · first_building Barracks |
| 24:27 | Tunometecabra · wall_segment Palisade Wall x5 |
| 25:37 | EL SANTO PADRE · first_building Castle |
| 25:38 | Asterix · first_market_sell 100 wood |
| 25:45 | Tunometecabra · first_building Stable |
| 25:51 | cobraX · first_market_buy 100 food |
| 26:26 | EL PELUCA SAPEEE · first_building Dock |
| 26:26 | cobraX · first_building Castle |
| 26:45 | EL PELUCA SAPEEE · first_building Stable |
| 27:27 | Tunometecabra · wall_segment Palisade Wall x10 |
| 28:05 | Asterix · first_building Monastery |
| 28:18 | Tunometecabra · first_building Archery Range |
| 28:20 | EL SANTO PADRE · first_building Siege Workshop |
| 28:22 | Leon S. Kennedy · age_up castle |
| 28:33 | Leon S. Kennedy · first_building Castle |
| 29:35 | cobraX · first_building Monastery |
| 30:05 | Tunometecabra · wall_segment Stone Wall x11 |
| 30:20 | Leon S. Kennedy · first_building Siege Workshop |
| 30:30 | Asterix · first_building Castle |
| 31:14 | EL PELUCA SAPEEE · age_up castle |
| 35:12 | Tunometecabra · first_building Castle |
| 35:28 | Tunometecabra · wall_segment Stone Wall x20 |
| 37:00 | Tunometecabra · wall_segment Stone Wall x10 |
| 37:08 | Asterix · first_market_buy 100 food |
| 37:40 | Asterix · first_building Siege Workshop |
| 38:02 | Leon S. Kennedy · first_building Monastery |
| 40:01 | Tunometecabra · wall_segment Stone Wall x15 |
| 40:22 | Leon S. Kennedy · first_market_buy 100 food |
| 41:06 | Tunometecabra · age_up imperial |
| 41:32 | EL PELUCA SAPEEE · first_building Castle |
| 41:33 | Tunometecabra · wall_segment Stone Wall x14 |
| 42:23 | Leon S. Kennedy · tribute_sent a jugador 1 |
| 42:23 | Leon S. Kennedy · tribute_sent a jugador 2 |
| 42:23 | Leon S. Kennedy · tribute_sent a jugador 3 |
| 42:23 | Leon S. Kennedy · tribute_sent a jugador 4 |
| 42:23 | Leon S. Kennedy · tribute_sent a jugador 6 |
| 43:39 | Leon S. Kennedy · age_up imperial |
| 43:40 | EL PELUCA SAPEEE · resign |
[ AI ANALYSIS · 1 CREDIT ]
What really happened in this match?
Wolo.gg analyzes every decision: build order, eco, micro, common mistakes by bracket. Personalized analysis on WhatsApp or Discord in 30 seconds.
Civ guide
Teutons
Map guide
African Clearing
Perfil
EL_PUERCO_REDENTOR